 Dungeon Crawl Stone Soup version 0.28.0-53-g5a82cb258f (webtiles) character file.

Game seed: 17696153033836907373

24 Jamesuke the Slasher (level 2, 0/22 HPs)
             Began as a Demonspawn Gladiator on July 25, 2022.
             Succumbed to an adder's poison
             ... on level 5 of the Dungeon.
             The game lasted 00:02:54 (365 turns).

Jamesuke the Slasher (Demonspawn Gladiator)          Turns: 365, Time: 00:02:55

Health: 0/22       AC:  4    Str: 14    XL:     2   Next: 79%
Magic:  2/2        EV: 12    Int:  9    God:
Gold:   12         SH:  0    Dex: 14    Spells: 1/1 levels left

rFire   . . .      SeeInvis .   a - +0 long sword
rCold   . . .      Faith    .   (no shield)
rNeg    . . .      Spirit   .   b - +0 leather armour
rPois   .          Reflect  .   c - +0 helmet
rElec   .          Harm     .   (no cloak)
rCorr   .          Rampage  .   (no gloves)
Will    .....                   (no boots)
Stlth   +.........              (no amulet)
HPRegen 0.07/turn               (no ring)
MPRegen 0.08/turn               (no ring)

@: lethally poisoned (0 -> -12)
A: demonic touch 1
a: no special abilities


You were on level 5 of the Dungeon.
You visited 1 branch of the dungeon, and saw 4 of its levels.

You collected 12 gold pieces.

Inventory:

Hand Weapons
 a - a +0 long sword (weapon)
 i - a +0 scimitar
Missiles
 d - 3 throwing nets (quivered)
Armour
 b - a +0 leather armour (worn)
 c - a +0 helmet (worn)
 e - a +2 pair of boots
Potions
 f - a potion of haste {unknown}
 g - a potion of lignification {unknown}
 h - a potion of curing {unknown}


   Skills:
 + Level 2.0 Fighting
 + Level 3.3 Long Blades
 + Level 1.8 Throwing
 + Level 0.3 Armour
 + Level 2.9 Dodging


You had one spell level left.
You didn't know any spells.
Your spell library was empty.

Dungeon Overview and Level Annotations

Branches:
Dungeon (5/15)
 Temple: D:4-7

Altars:


Innate Abilities, Weirdness & Mutations

Your touch may inflict minor irresistible damage on your foes.


Message History

Found a scimitar.
Found a stone staircase leading down and a stone staircase leading up.
An adder is nearby!
There are monsters nearby!
The adder hisses angrily.
You see here a +0 scimitar.
i - a +0 scimitar The adder completely misses you.
You hit the adder. Your punch misses the adder.
The adder is heavily wounded.
The adder barely misses you.
The adder bites you but does no damage. x2
You hit the adder but do no damage. Your touch misses the adder.
The adder is heavily wounded.
The adder bites you but does no damage. x2; The adder bites you.
You hit the adder.
The adder is heavily wounded.
The adder closely misses you. x2; The adder misses you.
You hit the adder.
The adder is almost dead.
The adder bites you but does no damage. x3
You barely miss the adder.
The adder is almost dead.
The adder bites you.
You are poisoned.
The adder poisons you! The adder completely misses you. The adder bites you. x2
You are lethally poisoned!
The adder poisons you!
You hit the adder.
You kill the adder!
You feel very sick. The adder bites you but does no damage.
The adder misses you.
You feel sick.
You see here an adder corpse.
* * * LOW HITPOINT WARNING * * *
You feel sick. The adder bites you.
* * * LOW HITPOINT WARNING * * *
You are more poisoned.
The adder poisons you!
You closely miss the adder.
You die...

#########
.....#..########
#.>...........#
#.###.<#.####.#
#..#.#
#..#@####.##
#...S.......
#.#..####.##
#.#.## ..#.# ..
... .#.. ..##.


You could see an adder.

Vanquished Creatures
  An adder (D:5)
  A dart slug (D:1)
  An endoplasm (D:3)
  2 giant cockroaches
  A hobgoblin (D:1)
  A kobold (D:1)
  A ball python (D:2)
  A frilled lizard (D:3)
  2 goblins
  2 rats
13 creatures vanquished.

Notes
Turn   | Place    | Note
-------+----------+-------------------------------------------
     0 | D:1      | Jamesuke the Demonspawn Gladiator began the quest for the
                  | Orb.
     0 | D:1      | Reached XP level 1. HP: 16/16 MP: 1/1
    97 | D:1      | Reached skill level 3 in Long Blades
   158 | D:1      | Gained mutation: Your touch may inflict minor irresistible
                  | damage on your foes. [demonic ancestry]
   158 | D:1      | Reached XP level 2. HP: 20/22 MP: 2/2
   348 | D:3      | You fall into a shaft and drop 2 floors!
   348 | D:5      | Entered Level 5 of the Dungeon
   365 | D:5      | Succumbed to an adder's poison

Illustrated notes

Levels and vault maps discovered:
D:1:      mushboom_english_gardens, layout_loops_ring, serial_shops,
          nicolae_shop_behind_doors, nicolae_shop_behind_doors,
          nicolae_shop_hallway_stairs, hangedman_decor_lopped,
          grunt_decor_fettered
D:2:      minmay_chambers_of_ones, layout_basic, minmay_heptomino_d4
D:3:      layout_rooms, kennysheep_big_empty_room,
          chequers_serial_rivers_large_a, minmay_misc_feat_iff,
          dk_noncrumbling_4
D:5:      layout_loops_ring, minmay_temple_entry_slanted

Skill      XL: |  1 |
---------------+----+-----
Long Blades    | 3 |  3.3
Fighting       | |  2.0
Throwing       | |  1.8
Armour         | |  0.3
Dodging        | |  2.9

Action                   || total
-------------------------++-------
Melee: Long sword        ||    39
       Touch             ||     4
Armor: Leather armour    ||    20
Dodge: Dodged            ||    28
